Map: Ascension to Aiur LE

Players

Dark

  • Race: Zerg Zerg
  • Spawn Location: 5:00

Kelazhur - Winner!

  • Race: Terran Terran
  • Spawn Location: 11:00

Event: 2017 WCS Global Finals

VOD

Have the link to the VOD?

Description

Time

  • Played on: Oct. 28, 2017, 11:52 a.m.
  • Length: 10:34

All games in this series

Show
View Real Time Build Order
Export as new Build Order

Dark Zerg 

Build Orders: Hatch First 

Get SALT Encoding   

  12  0:00  Drone  
  13  0:12  Overlord  
  13  0:17  Drone  
  14  0:31  Drone x2  
  14  0:35  Drone  
  17  0:51  Hatchery  
  17  0:55  Drone  
  17  0:58  Drone  
  18  1:04  Extractor  
  17  1:14  Spawning Pool  
  17  1:15  Drone  
  17  1:22  Drone  
  18  1:31  Drone  
  19  1:44  Drone  
  20  1:50  Overlord  
  20  2:03  Queen x2  
  20  2:04  Zergling x4  
  20  2:06  Metabolic Boost  
  26  2:12  Drone  
  27  2:19  Drone  
  28  2:25  Drone  
  29  2:31  Drone  
  31  2:37  Drone  
  31  2:38  Queen, Drone  
  31  2:43  Pneumatized Carapace  
  34  2:48  Overlord  
  34  2:49  Overlord  
  34  2:56  Drone  
  35  3:02  Drone  
  36  3:08  Drone x2  
  36  3:10  Drone x3  
  42  3:12  Drone  
  42  3:13  Drone  
  42  3:14  Drone  
  43  3:27  Hatchery  
  43  3:30  Queen  
  43  3:32  Zergling x2  
  43  3:33  Zergling x2  
  46  3:37  Drone  
  47  3:46  Drone  
  47  3:47  Roach Warren  
  47  3:49  Overlord  
  47  3:51  Drone x3  
  47  3:52  Zergling x2  
  51  3:58  Extractor x2  
  51  3:59  Drone x2  
  51  4:03  Overlord  
  51  4:05  Lair  
  51  4:15  Overlord  
  51  4:17  Evolution Chamber  
  51  4:21  Queen, Spore Crawler  
  51  4:27  Overlord  
  51  4:28  Roach x2  
  55  4:33  Roach  
  55  4:34  Roach  
  55  4:37  Roach  
  61  4:42  Roach x2  
  65  4:51  Roach x2  
  65  4:52  Overlord  
  69  4:55  Spore Crawler  
  69  4:57  Zergling x4  
  70  5:06  Overseer  
  70  5:12  Zergling x10  
  75  5:15  Zergling x2  
  77  5:21  Ravager x2  
  77  5:23  Zergling x8  
  77  5:24  Ravager  
  83  5:29  Zergling x4  
  83  5:30  Zergling x4  
  83  5:33  Ravager  
  83  5:35  Zergling x2  
  89  6:01  Overlord x2  
  89  6:03  Zerg Ground Armor Level 1  
  89  6:17  Overlord x2  
  89  6:22  Drone x6  
  89  6:23  Drone x4  
  89  6:24  Drone x2  
  101  6:29  Drone x2  
  100  6:33  Ravager  
  100  6:34  Ravager  
  100  6:36  Drone x3  
  100  6:37  Infestation Pit  
  100  6:38  Drone  
  100  6:39  Drone  
  106  6:42  Drone  
  106  6:46  Drone x2  
  108  6:47  Drone  
  108  6:49  Drone x2  
  110  6:59  Drone x3  
  113  7:01  Overlord  
  113  7:06  Extractor x2  
  111  7:10  Evolution Chamber, Baneling Nest  
  109  7:16  Drone x2  
  109  7:17  Drone x2  
  109  7:19  Infestor  
  109  7:20  Infestor  
  117  7:24  Hatchery  
  117  7:26  Hive  
  116  7:31  Zergling x2  
  116  7:32  Zergling x10  
  122  7:44  Zerg Melee Weapons Level 1  
  122  7:47  Overlord x2  
  121  7:55  Overlord  
  121  7:56  Drone  
  121  8:00  Baneling x3  
  121  8:04  Hatchery  
  120  8:07  Zerg Ground Armor Level 2  
  120  8:09  Zergling x18  
  129  8:19  Drone x2  
  129  8:20  Extractor  
  128  8:31  Baneling  
  128  8:32  Centrifical Hooks, Baneling x2  
  128  8:34  Zergling x6  
  128  8:36  Baneling x4  
  131  8:44  Overlord, Ultralisk Cavern  
  131  8:47  Overlord  
  129  8:50  Zergling x4  
  129  8:51  Zergling x12  
  129  8:53  Overlord x2  
  135  8:56  Overlord x2  
  135  8:58  Overlord x2  
  135  9:04  Zergling x8  
  135  9:06  Baneling x4  
  139  9:10  Hatchery  
  136  9:21  Ravager  
  136  9:22  Ravager  
  136  9:23  Zergling x22  
  146  9:39  Zergling x4  
  146  9:40  Zergling x12  
  107  9:54  Zergling x16  
  106  10:02  Zergling x4  
  106  10:04  Baneling x4  
  113  10:09  Zergling x2  
  113  10:10  Zergling x4  
Show
View Real Time Build Order
Export as new Build Order

Kelazhur Terran - Winner!

Build Orders: Liberator Opening, Bio Tank 

Get SALT Encoding   

  12  0:00  SCV  
  13  0:12  SCV  
  14  0:17  Supply Depot  
  14  0:24  SCV  
  15  0:39  SCV  
  15  0:40  Barracks  
  16  0:44  Refinery  
  16  0:51  SCV  
  17  1:03  SCV  
  18  1:15  SCV  
  19  1:26  Marine  
  19  1:27  Orbital Command  
  20  1:39  Command Center  
  20  1:44  Marine  
  21  1:49  Supply Depot  
  21  1:53  SCV  
  22  2:04  Factory  
  22  2:07  Barracks Reactor  
  22  2:08  SCV  
  23  2:17  Refinery  
  23  2:20  SCV  
  24  2:33  SCV  
  25  2:45  SCV  
  25  2:49  Starport  
  25  2:50  Orbital Command  
  26  2:53  Barracks Tech Lab  
  26  2:56  Hellion x2  
  26  2:57  SCV  
  31  3:09  SCV  
  31  3:10  Supply Depot  
  32  3:17  Hellion  
  34  3:21  SCV  
  34  3:22  SCV  
  36  3:32  Viking  
  36  3:33  SCV, High Capacity Fuel Tanks  
  39  3:34  SCV  
  40  3:45  Liberator, Hellion x2, SCV  
  40  3:47  SCV  
  46  3:54  Supply Depot  
  46  3:57  SCV  
  46  3:59  SCV  
  48  4:09  SCV  
  52  4:15  Command Center, Barracks Tech Lab  
  52  4:18  SCV  
  52  4:21  Supply Depot  
  52  4:23  SCV  
  54  4:30  SCV  
  55  4:35  SCV, Marine  
  55  4:36  Stimpack  
  55  4:37  Barracks  
  57  4:40  Barracks, Factory Reactor  
  57  4:42  SCV  
  58  4:47  SCV  
  59  4:53  Refinery, Marine  
  59  4:54  Refinery  
  59  4:55  SCV  
  59  4:58  Starport Reactor  
  61  5:01  SCV  
  61  5:03  Siege Tank  
  65  5:07  SCV  
  65  5:11  Supply Depot  
  65  5:12  Marauder, Bunker  
  65  5:13  SCV  
  65  5:14  Bunker  
  69  5:20  SCV  
  70  5:24  Supply Depot  
  70  5:25  Supply Depot  
  70  5:27  Marine x2  
  70  5:28  Orbital Command  
  72  5:39  Marauder  
  72  5:40  Siege Tank  
  77  5:48  Starport Reactor  
  77  5:50  Marine x2  
  77  5:54  SCV x2  
  81  5:58  Marine x2  
  81  6:01  Marauder  
  85  6:05  Engineering Bay  
  85  6:06  Supply Depot, Engineering Bay, SCV  
  86  6:13  SCV  
  86  6:14  Marine  
  86  6:18  SCV  
  89  6:22  Siege Tank  
  92  6:31  Marine  
  92  6:32  Marine x2  
  95  6:37  Medivac x2  
  98  6:40  Combat Shields  
  98  6:45  Terran Infantry Armor Level 1  
  96  6:53  Marine  
  99  6:54  Marauder  
  98  7:01  Marine x2  
  98  7:02  Marine  
  98  7:08  Supply Depot  
  101  7:12  Medivac x2  
  101  7:13  SCV x2, Siege Tank  
  110  7:23  Marine  
  110  7:24  Marine x4  
  110  7:28  Barracks  
  110  7:29  Barracks  
  115  7:31  Orbital Command  
  115  7:32  Terran Infantry Weapons Level 1  
  115  7:37  SCV x2  
  115  7:38  Armory  
  117  7:45  Siege Tank  
  117  7:46  Marine x4  
  124  7:54  SCV  
  124  7:57  Supply Depot  
  125  8:02  Supply Depot  
  125  8:06  Concussive Shells  
  125  8:19  Medivac, Marauder, Marine x3  
  132  8:20  Marine  
  132  8:23  Medivac, Barracks Reactor x2  
  132  8:25  Supply Depot  
  135  8:29  Siege Tank  
  135  8:35  Supply Depot, SCV x2  
  135  8:36  SCV, Marine x3  
  135  8:39  Barracks  
  135  8:40  Barracks  
  141  8:43  Barracks  
  141  8:47  SCV, Marine x2  
  144  8:49  Supply Depot  
  144  8:54  Medivac x2, Marine  
  149  8:56  Marine  
  150  9:05  Marauder  
  152  9:12  Siege Tank  
  152  9:14  Marine x2  
  152  9:15  Marine  
  158  9:17  Marine  
  158  9:22  Marine x2  
  158  9:24  SCV x2  
  162  9:25  SCV  
  162  9:26  Refinery, Supply Depot  
  163  9:36  SCV x2  
  163  9:37  SCV  
  157  9:45  Siege Tank  
  157  9:48  SCV x2  
  135  9:53  Marine x5  
  135  9:54  Marine x7  
  141  10:11  Marine x5  
Tags
 
Add a new tag
Caveats
  • Supply blocks, unpowered buildings, or Contaminate may cause inaccurate times.
  • Supply counts are checked every 10 seconds.